 Dungeon Crawl Stone Soup version 0.29-a0-375-g5102b3be25 (webtiles) character file.

Game seed: 16341683045405751771

26 flotson the Sneak (level 2, -1/24 HPs)
             Began as a Demonspawn Delver on May 3, 2022.
             Slain by an adder (4 damage)
             ... on level 2 of the Dungeon.
             The game lasted 00:02:14 (1296 turns).

flotson the Sneak (Demonspawn Delver)               Turns: 1296, Time: 00:02:16

Health: -1/24      AC:  3    Str: 12    XL:     2   Next: 89%
Magic:  2/2        EV: 12    Int: 11    God:
Gold:   23         SH:  0    Dex: 16    Spells: 1/1 levels left

rFire   . . .      SeeInvis .   a - +0 spear
rCold   . . .      Faith    .   (no shield)
rNeg    . . .      Spirit   .   b - +0 leather armour
rPois   .          Reflect  .   (no helmet)
rElec   .          Harm     .   (no cloak)
rCorr   .          Rampage  .   (no gloves)
Will    .....                   (no boots)
Stlth   ++++......              (no amulet)
HPRegen 0.08/turn               (no ring)
MPRegen 0.08/turn               (no ring)

@: no status effects
A: thin skeletal structure 1
a: no special abilities


You were on level 2 of the Dungeon.
You visited 1 branch of the dungeon, and saw 5 of its levels.

You collected 89 gold pieces.
You spent 66 gold pieces at shops.

Inventory:

Hand Weapons
 a - a +0 spear (weapon)
Armour
 b - a +0 leather armour (worn)
Jewellery
 l - a ring of positive energy
Wands
 g - a wand of digging (3)
Scrolls
 c - a scroll of fog
 d - a scroll of magic mapping
 e - a scroll of fear
 h - 2 scrolls of teleportation {unknown}
 k - a scroll of brand weapon {unknown}
 m - 2 scrolls of blinking {unknown}
 n - 2 scrolls of identify
Potions
 f - 2 potions of haste
 i - a potion of might {unknown}
 j - a potion of degeneration {unknown}
 o - a potion of resistance {unknown}
 p - 2 potions of curing


   Skills:
 + Level 3.2 Fighting
 + Level 2.1 Polearms
 + Level 0.2 Armour
 + Level 2.1 Dodging
 + Level 4.7 Stealth
 + Level 0.5 Evocations


You had one spell level left.
You didn't know any spells.
Your spell library contained the following spells:

 Spells                   Type           Power      Damage    Failure   Level
 Blink                    Tloc           0%         N/A       56%         2
 Lesser Beckoning         Tloc           0%         N/A       80%         3
 Manifold Assault         Tloc           0%         N/A       100%        5


Dungeon Overview and Level Annotations

Branches:
Dungeon (5/15)
 Temple: D:4-7

Altars:
Trog

Shops:
D:1 ?   D:2 =!


Innate Abilities, Weirdness & Mutations

You have a somewhat thin skeletal structure. (Dex +2, Stealth+)


Message History

The adder bites you.
You hit the adder but do no damage.
You feel sick. The adder bites you.
You completely miss the adder.
You feel sick. The adder barely misses you.
You closely miss the adder.
You feel sick.
You are no longer poisoned.
The adder barely misses you. The rat closely misses you.
The adder barely misses you.
You barely miss the adder. The rat closely misses you. The adder bites you.
You are too injured to fight recklessly!
You are too injured to fight recklessly!
You are too injured to fight recklessly!
You are too injured to fight recklessly!
You are too injured to fight recklessly!
You are too injured to fight recklessly!
You are too injured to fight recklessly!
You are too injured to fight recklessly!
You are too injured to fight recklessly!
You closely miss the adder. The adder barely misses you.
The rat closely misses you. The rat attacks as you move away!
The rat bites you but does no damage. The adder attacks as you move away!
The adder bites you.
You are poisoned.
The adder poisons you!
You feel sick.
You miss the adder.
You feel sick. The adder bites you but does no damage.
The adder closely misses you.
You hit the adder.
The adder is heavily wounded.
You feel sick. The adder barely misses you.
The rat bites you but does no damage.
You hit the adder.
The adder is severely wounded.
You feel sick. The adder misses you. The rat misses you.
You miss the adder.
The adder is severely wounded.
You feel sick.
You are no longer poisoned.
The adder bites you.
* * * LOW HITPOINT WARNING * * *
The rat barely misses you. The adder bites you.
You die...

.# ##..........#####.# .#
#.........∩.......
................##........
...######.......##..##....
...# #.......##..##....
...# #.............>...
...# ########........##
...# #..........# ...#
#.#@......... ####
#.#Sr......#. #..........#
##........## #.........
#.......## #.......#
#........# #.......##


You could see an adder and a rat.

Vanquished Creatures
  2 dart slugs
  An endoplasm (D:1)
  4 goblins (D:1)
  2 hobgoblins
  3 quokkas
  A ball python (D:1)
  2 bats (D:1)
  5 frilled lizards
  A kobold (D:1)
  2 rats
23 creatures vanquished.

Notes
Turn   | Place    | Note
-------+----------+-------------------------------------------
     0 | D:5      | flotson the Demonspawn Delver began the quest for the Orb.
     0 | D:5      | Reached XP level 1. HP: 18/18 MP: 1/1
   271 | D:1      | Gained mutation: You have a somewhat thin skeletal
                  | structure. (Dex +2, Stealth+) [demonic ancestry]
   271 | D:1      | Reached XP level 2. HP: 22/24 MP: 2/2
   614 | D:1      | Found Luyn Xoa's Magic Scroll Emporium.
   624 | D:1      | Bought a scroll of identify for 24 gold pieces
  1240 | D:2      | Found a bloodstained altar of Trog.
  1247 | D:2      | Found Xur Jeata's Jewellery Shop.
  1264 | D:2      | Found Iwaic's Distillery.
  1276 | D:2      | Bought a potion of curing for 42 gold pieces
  1296 | D:2      | Slain by an adder

Illustrated notes

Levels and vault maps discovered:
D:1:      lightli_iron_boxes, layout_basic, serial_shops, shop
D:2:      layout_basic, serial_shops, nicolae_lakefront_shop,
          nicolae_square_shop, shop,
          dreamdust_ecumenical_altar_angels_and_demons, basic_altar
D:3:      layout_basic
D:4:      layout_cave_pools
D:5:      layout_gridville

Skill      XL: |  1 |
---------------+----+-----
Polearms       | 2 |  2.1
Dodging        | 2 |  2.1
Fighting       | |  3.2
Armour         | |  0.2
Stealth        | |  4.7
Evocations     | |  0.5

Action                   || total
-------------------------++-------
Melee: Spear             ||    74
 Stab: Sleeping          ||    12
Armor: Leather armour    ||    10
Dodge: Dodged            ||    30

Table legend: (Time is in decaauts)
 A = Elapsed time spent in this place.
 B = Non-inter-level travel time spent in this place.
 C = Inter-level travel time spent in this place.
 D = Time resting spent in this place.
 E = Time spent auto-exploring this place.
 F = Levels seen in this place.
 G = Mean time per level.
                   A        B        C        D        E       F      G
               +--------+--------+--------+--------+--------+-----+--------+
         Total |   1295 |   1273 |     22 |     84 |    978 |   5 |  259.0 |
       Dungeon |   1295 |   1273 |     22 |     84 |    978 |   5 |  259.0 |
               +--------+--------+--------+--------+--------+-----+--------+

Top non-repeatable levels by time:
     D:1: 949 daAuts
     D:2: 165 daAuts
     D:4: 106 daAuts
     D:5: 39 daAuts
     D:3: 34 daAuts
